 Dungeon Crawl Stone Soup version 0.32-a0-30-gefbe487952 (webtiles) character file.

Game seed: 15132182535222542916

98 ihaveworms the Ducker (level 4, -2/24 HPs)
             Began as a Felid Chaos Knight on Jan 19, 2024.
             Was a Plaything of Xom.
             Slain by an orc priest
             ... wielding a +0 dagger
              (3 damage)
             ... on level 3 of the Dungeon.
             The game lasted 00:02:17 (1367 turns).

ihaveworms the Ducker (Felid Chaos Knight)          Turns: 1367, Time: 00:02:17

Health: -2/24      AC:  5    Str:  8    XL:     4   Next: 44%
Magic:  5/5        EV: 18    Int: 15    God:    Xom [......]
Gold:   103        SH:  0    Dex: 16    Spells: 3/3 levels left
                                        Lives:  0   Deaths: 2

rFire   . .          .
                       - Unarmed
rCold   . . .        (shield unavailable)
rNeg    . . .        (body armour unavailable)
rPois   .            (helmet unavailable)
rElec   .            (cloak unavailable)
rCorr   .            (gloves unavailable)
SInv    +            (boots unavailable)
Will    +....        (no amulet)
Stlth   ++           b - +4 ring of protection
HPRegen 0.00/turn    j - ring of flight
MPRegen 0.09/turn

%: no passive effects
@: lethally poisoned (-2 -> -8), enlightened, flying, inhibited regen
A: very small, claws 1, fangs 3, see invisible, shaggy fur 1, stealthy paws, no
weapons or thrown items, no armour, multi-lived, clumsy 1, inhibited
regeneration
a: Renounce Religion


You were on level 3 of the Dungeon.
You worshipped Xom.
You were a very special plaything of Xom.
You visited 1 branch of the dungeon, and saw 3 of its levels.

You collected 103 gold pieces.

Inventory:

Jewellery
 b - a +4 ring of protection (left paw)
 j - a ring of flight (right paw)
Talismans
 e - a serpent talisman
 k - a maw talisman
Scrolls
 a - a scroll of butterflies
Potions
 l - a potion of berserk rage


   Skills:
 - Level 3.4 Fighting
 - Level 4.0 Dodging
 - Level 2.4 Stealth
 - Level 4.0 Unarmed Combat
 + Level 0.6 Shapeshifting


You had 3 spell levels left.
You didn't know any spells.
Your spell library contained the following spells:

 Spells                   Type           Power      Damage    Failure   Level
 Freeze                   Ice            0%         1d3       26%         1
 Frozen Ramparts          Ice            0%         1d1       63%         3
 Hailstorm                Conj/Ice       0%         3d5       63%         3


Dungeon Overview and Level Annotations

Branches:
Dungeon (3/15)

Altars:


Innate Abilities, Weirdness & Mutations

You have sharp claws.
You have razor-sharp teeth.
You have supernaturally acute eyesight. (SInv)
You are covered in fur. (AC +1)
Your paws help you pounce on unaware monsters.
You are incapable of wielding weapons or throwing items.
You cannot wear armour.
You gain extra lives every three experience levels.
You are clumsy. (Dex -2)
You do not regenerate when monsters are visible.


Message History

The orc priest is severely wounded.
You feel very sick.
You are too injured to fight recklessly!
You are too injured to fight recklessly!
You are too injured to fight recklessly!
You are too injured to fight recklessly!
You are too injured to fight recklessly!
You are too injured to fight recklessly!
You are too injured to fight recklessly!
You are too injured to fight recklessly!
You are too injured to fight recklessly!
You are too injured to fight recklessly!
You are too injured to fight recklessly!
You are too injured to fight recklessly!
You are too injured to fight recklessly!
You are too injured to fight recklessly!
You are too injured to fight recklessly!
You are too injured to fight recklessly!
You are too injured to fight recklessly!
You are too injured to fight recklessly!
You are too injured to fight recklessly!
You are too injured to fight recklessly!
You are too injured to fight recklessly!
You are too injured to fight recklessly!
You barely miss the orc priest.
The orc priest is severely wounded.
You feel sick. The orc priest barely misses you.
It was a potion of enlightenment.
You feel more buoyant.
* * * LOW HITPOINT WARNING * * *
You feel sick.
The kobold throws a poisoned dart.
The poisoned dart closely misses you.
The orc priest hits you with a +0 dagger.
* * * LOW HITPOINT WARNING * * *
You scratch the orc priest. You bite the orc priest.
The orc priest is almost dead.
* * * LOW HITPOINT WARNING * * *
You feel sick.
The orc priest hits you with a +0 dagger.
You die...

.######.. .........
#### .# #.......##...
..#
....>......#########..#
..........###.........#
..........##..~...K...#
..........#$..........#
########..#⌠...o......#
##.#$...@......#
#.##..~)..~..##
#.###........#
#..#########.#
##...........#
#############


You could see an orc priest and a kobold.

Vanquished Creatures
  4 adders (D:2)
  A ribbon worm (D:2)
  A dart slug (D:1)
  2 orcs (D:3)
  5 endoplasms
  3 giant cockroaches
  5 goblins
  6 hobgoblins
  4 jackals (D:1)
  4 kobolds
  A quokka (D:1)
  3 ball pythons
  6 bats
  5 frilled lizards
  4 rats
54 creatures vanquished.

Notes
Turn   | Place    | Note
-------+----------+-------------------------------------------
     0 | D:1      | ihaveworms the Felid Chaos Knight began the quest for the
                  | Orb.
     0 | D:1      | Reached XP level 1. HP: 12/12 MP: 2/2
    47 | D:1      | Slain by a jackal
    47 | D:1      | Lost a life (0 lives remaining)
    93 | D:1      | Reached skill level 1 in Stealth
    93 | D:1      | Reached XP level 2. HP: 10/16 MP: 3/3
   131 | D:1      | XOM: summons 1 hostile demon
   132 | D:1      | Noticed a crimson imp
   225 | D:1      | XOM: summons 1 hostile shadow creature
   330 | D:1      | XOM: confusion (+ monsters)
   399 | D:1      | Reached XP level 3. HP: 20/20 MP: 4/4
   658 | D:2      | XOM: noise
   724 | D:2      | XOM: confuse monster(s)
   769 | D:2      | Reached XP level 4. HP: 18/24 MP: 5/5
   769 | D:2      | Gained a life (1 life remaining)
   816 | D:2      | XOM: god gift: 37 gold pieces
   843 | D:2      | XOM: 4-stop teleportation journey
  1328 | D:3      | XOM: summons 3 hostile demons
  1329 | D:3      | Noticed an ice devil
  1335 | D:3      | Slain by an ice devil
  1335 | D:3      | Lost a life (0 lives remaining)
  1362 | D:3      | XOM: give mutations
  1362 | D:3      | Gained mutation: You are clumsy. (Dex -2) [Xom's mischief]
  1362 | D:3      | Gained mutation: You do not regenerate when monsters are
                  | visible. [Xom's mischief]
  1367 | D:3      | HP: 1/24 [poisoned by a kobold]
  1367 | D:3      | Slain by an orc priest

Illustrated notes

Levels and vault maps discovered:
D:1:      dpeg_arrival_connections, layout_basic, hangedman_decor_points,
          minmay_octomino_c4
D:2:      layout_rooms
D:3:      cheibrodos_pilgrimage, layout_basic

Skill      XL: |  1  2  3  4 |
---------------+-------------+-----
Stealth        | 1 2 |  2.4
Dodging        | 4 |  4.0
Unarmed Combat | 4 |  4.0
Fighting       | |  3.4
Shapeshifting  | |  0.6

Action                     |  1- 3 |  4- 6 || total
---------------------------+-------+-------++-------
  Melee: Unarmed           |   111 |    48 ||   159
         Bite              |     7 |     3 ||    10
         Punch             |     2 |     1 ||     3
    Use: Scroll            |     2 |     6 ||     8
         Potion            |     1 |     2 ||     3
   Stab: Sleeping          |     1 |     7 ||     8
         Distracted        |       |     1 ||     1
 Armour: Skin              |    34 |    22 ||    56
  Dodge: Dodged            |   105 |    34 ||   139

Table legend: (Time is in decaauts)
 A = Elapsed time spent in this place.
 B = Non-inter-level travel time spent in this place.
 C = Inter-level travel time spent in this place.
 D = Time resting spent in this place.
 E = Time spent auto-exploring this place.
 F = Levels seen in this place.
 G = Mean time per level.
                   A        B        C        D        E       F      G
               +--------+--------+--------+--------+--------+-----+--------+
         Total |   1355 |   1256 |     99 |      0 |    830 |   3 |  451.7 |
       Dungeon |   1355 |   1256 |     99 |      0 |    830 |   3 |  451.7 |
               +--------+--------+--------+--------+--------+-----+--------+

Top non-repeatable levels by time:
     D:1: 668 daAuts
     D:2: 591 daAuts
     D:3: 95 daAuts
